 Dungeon Crawl Stone Soup version 0.27-a0-58-g0ec5f8ab93 (webtiles) character file.

Game seed: 13222583977830438432

11 Descartes the Ducker (level 2, -1/14 HPs)
             Began as a Felid Monk on Jan 8, 2021.
             Slain by a jackal (3 damage)
             ... on level 1 of the Dungeon.
             The game lasted 00:00:36 (209 turns).

Descartes the Ducker (Felid Monk)                    Turns: 209, Time: 00:00:37

Health: -1/14      AC:  1    Str:  7    XL:     2   Next: 13%
Magic:  3/3        EV: 20    Int: 11    God:
Gold:   3          SH:  0    Dex: 18    Spells: 1/1 levels left
                                        Lives:  0   Deaths: 0

rFire    . . .     SeeInvis +     - Unarmed
rCold    . . .     Faith    .   (shield unavailable)
rNeg     . . .     Spirit   .   (armour unavailable)
rPois    .         Reflect  .   (helmet unavailable)
rElec    .         Harm     .   (cloak unavailable)
rCorr    .         Rampage  .   (gloves unavailable)
Will     .....                  (boots unavailable)
Stlth    +++.......             (no amulet)
HPRegen  0.04/turn              (no ring)
MPRegen  0.08/turn              (no ring)

@: quick
A: very small, no armour, no weapons or thrown items, stealth, claws 1, fangs 3,
see invisible, speed 1, shaggy fur 1, sharp paws
a: no special abilities


You were on level 1 of the Dungeon.
You visited 1 branch of the dungeon, and saw 1 of its levels.

You collected 3 gold pieces.

Inventory:

Scrolls
 a - 2 scrolls of identify
 b - a scroll of amnesia


   Skills:
 + Level 3.2 Fighting
 + Level 4.2 Dodging
 + Level 2.8 Stealth
 + Level 3.1 Unarmed Combat


You had one spell level left.
You didn't know any spells.
Your spell library was empty.

Dungeon Overview and Level Annotations

Branches:
Dungeon (1/15)

Altars:


Innate Abilities, Weirdness & Mutations

You cannot wear armour.
You are incapable of wielding weapons or throwing items.
Your paws allow you to move quietly. (Stealth)
You have sharp claws.
You have razor-sharp teeth.
You have supernaturally acute eyesight. (SInv)
You cover ground quickly.
You are covered in fur. (AC +1)
Your sharp claws are effective at attacking unaware monsters.


Message History

The jackal bites you. The bat misses you.
The frilled lizard completely misses you.
You scratch the jackal.
You kill the jackal!
The bat misses you. The jackal closely misses you.
The kobold hits you with a +0 dagger.
A rat comes into view.
The jackal bites you.
* * * LOW HITPOINT WARNING * * *
The bat misses you. The jackal bites you.
* * * LOW HITPOINT WARNING * * *
The frilled lizard misses you. The kobold misses you.
The jackal completely misses you.
You aren't carrying any potions.
As you read the scroll labelled VEOCRA BEOXZITT, it crumbles to dust.
It is a scroll of identify.
b - a scroll of amnesia The jackal bites you.
You die...

#.......#
#.......#
##.......#
#..).......#
#..........#
#..........#
######...##.....#
#.....)#.# ......
#.####@#.# ... #
#h#.# ..
#.####b#.# ...#h#
#†#K# #bg.#
#.wr..r.#
#...#.#.#
#...#...


You could see a dart slug, 2 jackals, a hobgoblin, a bat, a kobold and a rat.

Vanquished Creatures
  A dart slug (D:1)
  A bat (D:1)
  A goblin (D:1)
  A hobgoblin (D:1)
  2 jackals (D:1)
  2 rats (D:1)
8 creatures vanquished.

Notes
Turn   | Place    | Note
-------+----------+-------------------------------------------
     0 | D:1      | Descartes the Felid Monk began the quest for the Orb.
     0 | D:1      | Reached XP level 1. HP: 10/10 MP: 2/2
   157 | D:1      | Reached XP level 2. HP: 14/14 MP: 3/3
   209 | D:1      | Slain by a jackal

Illustrated notes

Levels and vault maps discovered:
D:1:      sevenhm_arrival_forest_fort_small_4, layout_basic

Action                   || total
-------------------------++-------
Melee: Unarmed           ||    17
       Bite              ||     2
  Use: Scroll            ||     1
 Stab: Sleeping          ||     2
Armor: Skin              ||     1
Dodge: Dodged            ||    43

Table legend: (Time is in decaauts)
 A = Elapsed time spent in this place.
 B = Non-inter-level travel time spent in this place.
 C = Inter-level travel time spent in this place.
 D = Time resting spent in this place.
 E = Time spent auto-exploring this place.
 F = Levels seen in this place.
 G = Mean time per level.
                   A        B        C        D        E       F      G
               +--------+--------+--------+--------+--------+-----+--------+
         Total |    182 |    182 |      0 |      0 |    134 |   1 |  182.0 |
       Dungeon |    182 |    182 |      0 |      0 |    134 |   1 |  182.0 |
               +--------+--------+--------+--------+--------+-----+--------+

Top non-repeatable levels by time:
     D:1: 182 daAuts
